 Dungeon Crawl Stone Soup version 0.29.1-14-g9c671dbff4 (webtiles) character file.

Game seed: 17387898990148608271

111 Barneous the Slasher (level 5, 0/40 HPs)
             Began as a Human Wanderer on Feb 13, 2023.
             Slain by a gnoll
             ... wielding a +0 spear
              (4 damage)
             ... on level 3 of the Dungeon.
             The game lasted 00:08:48 (3206 turns).

Barneous the Slasher (Human Wanderer)               Turns: 3206, Time: 00:08:48

Health: 0/40       AC:  4    Str: 16    XL:     5   Next: 15%
Magic:  5/8        EV: 11    Int: 13    God:
Gold:   123        SH:  0    Dex: 10    Spells: 8/9 levels left

rFire   . . .      SeeInvis .   a - +3 falchion
rCold   . . .      Faith    .   (no shield)
rNeg    . . .      Spirit   .   c - +0 leather armour
rPois   .          Reflect  .   f - +1 hat
rElec   .          Harm     .   (no cloak)
rCorr   .          Rampage  .   (no gloves)
Will    .....                   (no boots)
Stlth   +.........              (no amulet)
HPRegen 0.13/turn               (no ring)
MPRegen 0.11/turn               (no ring)

@: no status effects
A: no striking features
a: no special abilities


You were on level 3 of the Dungeon.
You visited 1 branch of the dungeon, and saw 3 of its levels.

You collected 123 gold pieces.

Inventory:

Hand Weapons
 a - a +3 falchion (weapon)
 e - a +0 dagger
Armour
 c - a +0 leather armour (worn)
 f - a +1 hat (worn)
Scrolls
 b - 3 scrolls of teleportation
 g - a scroll of amnesia


   Skills:
 + Level 2.8 Fighting
 + Level 4.4 Long Blades
 + Level 2.1 Throwing
 + Level 2.5 Spellcasting
 + Level 2.1 Air Magic


You had 8 spell levels left.
You knew the following spells:

 Your Spells              Type           Power      Damage    Failure   Level
a - Shock                 Conj/Air       16%        1d4       19%         1

Your spell library contained the following spells:

 Spells                   Type           Power      Damage    Failure   Level
 Swiftness                Air            7%         N/A       36%         3
 Call Canine Familiar     Summ           1%         N/A       65%         3
 Inner Flame              Hex/Fire       1%         N/A       65%         3
 Portal Projectile        Hex/Tloc       2%         N/A       65%         3
 Cause Fear               Hex            0%         N/A       96%         4
 Leda's Liquefaction      Hex/Erth       0%         N/A       96%         4
 Discord                  Hex            0%         N/A       100%        8


Dungeon Overview and Level Annotations

Branches:
Dungeon (3/15)

Altars:


Message History

The gnoll is severely wounded.
The gnoll hits you with a +0 flail. The gnoll barely misses you.
The gnoll hits you but does no damage.
The ball python bites you but does no damage.
The ball python grabs you. The ball python constricts you.
You hit the gnoll.
You kill the gnoll!
The gnoll hits you from afar with a +0 spear.
The gnoll hits you with a +0 club. The ball python bites you.
The ball python constricts you.
The endoplasm hits you but does no damage.
You hit the gnoll.
The gnoll is moderately wounded.
The ball python bites you but does no damage.
The ball python constricts you. The ball python closely misses you.
The gnoll completely misses you. The gnoll hits you with a +0 club!
The endoplasm hits you.
You hit the gnoll.
The gnoll is heavily wounded.
The ball python bites you but does no damage.
The ball python constricts you. The ball python misses you.
The gnoll closely misses you. The endoplasm barely misses you.
The gnoll hits you with a +0 club!
* * * LOW HITPOINT WARNING * * *
The ball python barely misses you. The ball python constricts you.
The ball python bites you.
* * * LOW HITPOINT WARNING * * *
You aren't carrying any potions.
You slash the ball python!
You kill the ball python!
The gnoll hits you with a +0 club.
* * * LOW HITPOINT WARNING * * *
The gnoll misses you. The endoplasm freezes you.
You are frozen.
* * * LOW HITPOINT WARNING * * *
The ball python bites you but does no damage.
The ball python closely misses you. The gnoll hits you with a +0 spear.
You die...

####### #...... #......
#......
.#################......
...................#.###
.......gSJ.........#..#
......g@$=...###...##.##
.............# #...##...
............## ##..##.##
..........†## ##..#.#
...........# #.##.#
...........# #.....
..........## ..####
....?....##


You could see 2 gnolls, an endoplasm and a ball python.

Vanquished Creatures
  An orc priest (D:3)
  A gnoll (D:3)
  An adder (D:2)
  A worm (D:2)
  2 orcs (D:3)
  5 bats
  7 endoplasms
  4 giant cockroaches
  3 goblins
  3 hobgoblins
  2 jackals (D:1)
  8 kobolds
  A quokka (D:1)
  7 ball pythons
  2 frilled lizards
  6 rats
54 creatures vanquished.

Vanquished Creatures (others)
  A fungus (D:1)
  10 plants (D:3)
11 creatures vanquished.

Grand Total: 65 creatures vanquished

Notes
Turn   | Place    | Note
-------+----------+-------------------------------------------
     0 | D:1      | Barneous the Human Wanderer began the quest for the Orb.
     0 | D:1      | Barneous set off with the following items: a +3 falchion, a
                  | scroll of teleportation, a +0 leather armour; and the
                  | following spell memorised: Shock; and the following spells
                  | available to memorise: Swiftness.
     0 | D:1      | Reached XP level 1. HP: 16/16 MP: 3/3
   325 | D:1      | Reached XP level 2. HP: 11/22 MP: 0/5
   690 | D:1      | Found a faded altar of an unknown god.
   994 | D:1      | Reached XP level 3. HP: 27/27 MP: 6/6
  2122 | D:2      | Reached XP level 4. HP: 30/34 MP: 2/7
  2953 | D:3      | Reached XP level 5. HP: 13/39 MP: 5/8
  3206 | D:3      | Slain by a gnoll

Illustrated notes

Levels and vault maps discovered:
D:1:      dpeg_arrival_connections, layout_basic, shapermc_ecumenical_altar_gd
D:2:      layout_rooms, serial_curves, eino_curves_04, eino_curves_01,
          minivault_27, minmay_misc_feat_tiny, minmay_misc_feat_five,
          minmay_tromino_v4_c
D:3:      layout_basic, chequers_temple_overflow_minitemple,
          minmay_misc_feat_encased, lexackson_kobold_supper

Skill      XL: |  1  2  3  4 |
---------------+-------------+-----
Throwing       | 2 |  2.1
Air Magic      | 2 |  2.1
Fighting       | |  2.8
Long Blades    | |  4.4
Spellcasting   | |  2.5

Action                   |  1- 3 |  4- 6 || total
-------------------------+-------+-------++-------
Melee: Falchion          |    51 |    22 ||    73
 Cast: Shock             |    47 |    31 ||    78
  Use: Scroll            |     7 |     2 ||     9
       Potion            |     2 |     1 ||     3
Armor: Leather armour    |    15 |    10 ||    25
Dodge: Dodged            |    19 |    20 ||    39
